Map: Orbital Shipyard

Players

ReacH - Winner!

  • Race: Protoss Protoss
  • League: Diamond

Luffy

  • Race: Zerg Zerg
  • League: Diamond

VOD

Have the link to the VOD?

Description

Time

  • Played on: Jan. 13, 2016, 3:37 p.m.
  • Length: 14:43
Show
View Real Time Build Order
Export as new Build Order

ReacH Protoss - Winner!

Build Orders: Nexus First 

Get SALT Encoding   

  12  0:01  Probe (Chrono Boost)  
  13  0:12  Probe (Chrono Boost)  
  14  0:20  Pylon  
  14  0:22  Probe (Chrono Boost)  
  15  0:38  Probe (Chrono Boost)  
  16  0:48  Probe (Chrono Boost)  
  17  0:58  Nexus  
  17  1:01  Probe (Chrono Boost)  
  18  1:11  Probe (Chrono Boost)  
  19  1:18  Gateway  
  19  1:22  Probe (Chrono Boost)  
  20  1:27  Assimilator  
  20  1:30  Assimilator  
  20  1:36  Probe (Chrono Boost)  
  21  1:46  Probe (Chrono Boost)  
  22  1:53  Gateway  
  22  1:57  Probe (Chrono Boost)  
  23  2:06  Cybernetics Core  
  23  2:10  Probe (Chrono Boost)  
  23  2:12  Probe (Chrono Boost)  
  25  2:19  Zealot (Chrono Boost)  
  25  2:22  Probe  
  28  2:25  Probe  
  29  2:31  Pylon  
  29  2:34  Probe  
  29  2:36  Probe  
  30  2:42  Pylon  
  30  2:45  Adept (Chrono Boost)  
  30  2:46  Adept (Chrono Boost)  
  30  2:49  Probe  
  30  2:50  Probe  
  36  3:01  Mothership Core  
  36  3:04  Probe  
  39  3:08  Pylon  
  39  3:09  Pylon  
  39  3:12  Sentry (Chrono Boost)  
  41  3:18  Sentry (Chrono Boost), Probe  
  44  3:22  Probe  
  44  3:23  Assimilator  
  45  3:30  Warp Gate  
  45  3:31  Probe  
  46  3:34  Probe  
  47  3:43  Probe  
  47  3:46  Probe  
  49  3:54  Sentry (Chrono Boost)  
  51  3:59  Adept (Chrono Boost)  
  51  4:02  Assimilator  
  49  4:05  Probe x2, Pylon  
  51  4:15  Pylon  
  51  4:16  Pylon  
  51  4:17  Pylon  
  51  4:19  Probe  
  51  4:23  Probe  
  53  4:24  Nexus  
  53  4:31  Pylon  
  53  4:39  Sentry x2 (Chrono Boost)  
  50  5:11  Probe  
  49  5:20  Probe, Stargate  
  50  5:23  Probe  
  51  5:31  Pylon  
  51  5:34  Pylon  
  51  5:49  Probe  
  51  6:05  Phoenix  
  51  6:08  Probe  
  51  6:09  Adept x2  
  58  6:13  Gateway  
  58  6:14  Gateway  
  58  6:16  Gateway  
  58  6:23  Probe, Forge  
  58  6:25  Probe x2  
  61  6:30  Phoenix  
  63  6:34  Probe  
  63  6:37  Probe  
  65  6:40  Probe  
  65  6:45  Probe  
  67  6:54  Phoenix  
  67  6:56  Adept x2  
  73  7:03  Twilight Council  
  73  7:05  Probe, Robotics Facility  
  73  7:08  Robotics Facility  
  74  7:11  Probe  
  74  7:13  Probe  
  74  7:15  Protoss Ground Armor Level 1  
  76  7:17  Assimilator  
  76  7:18  Probe  
  76  7:19  Phoenix, Assimilator  
  79  7:26  Adept x5  
  89  7:39  Resonating Glaives (Chrono Boost)  
  89  7:43  Forge  
  89  7:44  Phoenix  
  89  7:50  Stargate  
  89  7:51  Probe  
  92  7:56  Probe  
  93  8:03  Probe  
  93  8:05  Probe  
  95  8:09  Pylon, Phoenix  
  95  8:11  Probe, Pylon  
  98  8:16  Immortal x2 (Chrono Boost)  
  106  8:21  Pylon  
  106  8:33  Probe  
  106  8:34  Probe x2, Phoenix  
  106  8:36  Pylon  
  106  8:37  Protoss Ground Weapons Level 1  
  106  8:38  Phoenix  
  113  8:43  Probe  
  113  8:59  Phoenix  
  115  9:03  Phoenix  
  115  9:08  Probe  
  114  9:12  Probe  
  115  9:19  Nexus  
  115  9:20  Pylon  
  115  9:21  Pylon  
  115  9:24  Immortal (Chrono Boost), Pylon, Phoenix, Probe  
  117  9:28  Probe, Phoenix  
  123  9:33  Protoss Ground Armor Level 2  
  123  9:37  Templar Archives  
  123  9:40  Charge (Chrono Boost)  
  123  9:45  Immortal (Chrono Boost), Probe  
  126  9:51  Probe  
  128  9:53  Assimilator  
  128  9:54  Probe  
  128  9:55  Assimilator  
  128  9:58  Probe, Phoenix  
  132  10:01  Observer (Chrono Boost)  
  132  10:03  Probe  
  134  10:17  Immortal (Chrono Boost)  
  134  10:19  Robotics Bay  
  134  10:21  Immortal (Chrono Boost)  
  140  10:36  Probe  
  139  10:49  Zealot  
  141  10:50  Immortal, Zealot x4  
  141  10:52  Probe x2  
  155  10:58  Gateway  
  155  10:59  Gateway  
  155  11:00  Immortal  
  159  11:07  Dark Shrine  
  159  11:12  Gateway  
  159  11:13  Gateway  
  159  11:16  Pylon  
  159  11:18  Photon Cannon  
  159  11:20  Photon Cannon  
  159  11:21  Photon Cannon  
  159  11:23  Colossus x2  
  159  11:24  High Templar  
  159  11:25  High Templar x2  
  165  11:27  High Templar  
  167  11:38  Archon  
  167  11:39  Archon  
  167  11:40  Zealot  
  169  11:48  Pylon  
  169  11:50  Gateway  
  169  11:52  Protoss Ground Weapons Level 2  
  169  11:53  Gateway  
  169  11:54  Protoss Ground Armor Level 3  
  169  11:55  Gateway  
  169  11:58  Zealot x2  
  169  11:59  Zealot  
  153  12:20  Zealot x4  
  153  12:21  Zealot  
  117  12:37  Zealot x4  
  117  12:40  Psionic Storm  
  117  12:43  Dark Templar x3, Immortal  
  125  12:48  Immortal  
  125  12:51  High Templar x2  
  137  12:59  Pylon x2  
  137  13:17  Warp Prism  
  139  13:28  Observer  
  134  13:39  High Templar  
  134  13:40  Zealot x2, High Templar  
  134  13:41  Zealot x5  
  152  13:50  Nexus  
  152  13:55  Pylon  
  152  13:56  Pylon  
  151  14:05  Zealot x7  
  165  14:23  Zealot x5  
  175  14:32  Pylon  
Show
View Real Time Build Order
Export as new Build Order

Luffy Zerg 

Build Orders: Hatch First, Lurkers 

Get SALT Encoding   

  12  0:01  Drone  
  13  0:11  Drone  
  14  0:17  Overlord  
  14  0:26  Drone, Extractor  
  14  0:28  Extractor  
  13  0:29  Drone  
  16  0:37  Drone  
  17  0:44  Drone  
  18  0:56  Hatchery  
  17  0:59  Drone  
  17  1:03  Extractor  
  17  1:15  Spawning Pool  
  16  1:19  Drone  
  16  1:20  Drone  
  18  1:27  Drone  
  19  1:37  Overlord  
  19  1:53  Drone  
  20  1:58  Overlord  
  20  2:03  Metabolic Boost  
  20  2:08  Queen  
  22  2:09  Zergling x2  
  22  2:10  Drone  
  24  2:16  Queen  
  26  2:23  Drone x2  
  28  2:30  Zergling x2  
  28  2:31  Drone  
  30  2:45  Drone  
  30  2:46  Drone  
  32  2:52  Evolution Chamber  
  31  3:01  Hatchery  
  31  3:03  Zergling x6  
  31  3:04  Overlord  
  33  3:12  Zergling x2  
  34  3:14  Zergling x2  
  34  3:16  Zergling x4  
  34  3:18  Zergling x2  
  38  3:24  Zergling x4  
  38  3:25  Zergling x4  
  38  3:27  Zergling x2  
  43  3:38  Zergling x4  
  44  3:46  Drone  
  42  4:03  Drone  
  42  4:04  Drone x4  
  42  4:06  Drone, Extractor  
  42  4:07  Drone x2  
  42  4:08  Extractor  
  48  4:13  Drone  
  49  4:18  Drone x2  
  49  4:22  Zergling x2  
  52  4:32  Zergling x4  
  48  4:53  Zergling x6  
  48  4:54  Zergling x4  
  48  4:55  Zergling x6  
  48  4:58  Drone  
  57  5:03  Drone  
  57  5:04  Lair  
  58  5:11  Zergling x4  
  56  5:16  Zergling x2  
  57  5:22  Zergling x2  
  57  5:27  Drone  
  57  5:28  Drone  
  57  5:35  Drone  
  58  5:37  Drone  
  58  5:39  Zergling x2  
  58  5:41  Zergling x4  
  57  5:44  Zergling x4  
  57  5:48  Zergling x8  
  57  5:54  Zergling x2  
  56  5:58  Zergling x2  
  56  5:59  Drone  
  56  6:04  Drone x2  
  58  6:05  Spire  
  57  6:13  Overlord  
  57  6:14  Overlord  
  57  6:19  Extractor  
  57  6:24  Extractor  
  57  6:25  Extractor  
  54  6:26  Overlord  
  54  6:29  Overlord x2  
  54  6:31  Drone x2, Queen  
  58  6:38  Zergling x2  
  58  6:39  Zergling x2  
  55  6:48  Drone x6  
  55  6:49  Drone, Overlord  
  55  6:52  Drone  
  62  7:01  Spore Crawler  
  61  7:02  Drone x5  
  66  7:14  Spore Crawler  
  65  7:16  Spore Crawler, Mutalisk x2  
  65  7:17  Mutalisk x4  
  65  7:20  Zerg Flyer Weapons Level 1  
  65  7:21  Mutalisk  
  65  7:22  Zerg Ground Armor Level 1  
  78  7:27  Mutalisk  
  78  7:28  Roach Warren  
  78  7:29  Mutalisk  
  81  7:34  Mutalisk  
  83  7:37  Overlord  
  83  7:42  Drone x3  
  83  7:43  Hydralisk Den  
  83  7:48  Mutalisk  
  81  7:53  Drone x2  
  81  7:55  Mutalisk  
  81  7:58  Drone x2  
  87  7:59  Drone x2  
  89  8:06  Burrow  
  89  8:08  Overlord  
  89  8:19  Pneumatized Carapace  
  89  8:25  Lurker Den  
  89  8:26  Hydralisk x3  
  95  8:32  Infestation Pit  
  94  8:40  Hydralisk x2  
  98  8:43  Glial Reconstitution  
  98  8:45  Drone  
  99  8:53  Spore Crawler  
  99  8:54  Hydralisk  
  99  8:55  Hydralisk  
  100  8:56  Spore Crawler  
  99  9:04  Hydralisk x3  
  103  9:10  Overlord  
  101  9:19  Overlord  
  101  9:22  Pathogen Glands  
  101  9:24  Infestor  
  103  9:32  Spore Crawler x3  
  103  9:33  Drone x2  
  103  9:34  Drone x2  
  103  9:35  Drone x2, Spore Crawler  
  103  9:37  Overlord  
  105  9:45  Overlord  
  105  9:54  Infestor, Muscular Augments  
  105  9:55  Infestor  
  109  10:10  Hatchery x2  
  109  10:11  Hydralisk  
  105  10:18  Infestor  
  105  10:19  Infestor  
  109  10:25  Overlord  
  103  10:38  Drone x4  
  103  10:42  Hydralisk x2  
  107  10:43  Hydralisk x6  
  107  10:45  Overlord x2  
  107  10:47  Lurker  
  124  10:55  Hive  
  124  11:11  Drone x4  
  124  11:12  Drone x4  
  124  11:14  Overseer x3  
  124  11:15  Overlord  
  124  11:18  Lurker x2  
  134  11:23  Drone x3, Roach x2  
  141  11:39  Drone x5  
  146  11:41  Extractor  
  145  11:47  Overlord  
  137  11:57  Roach x5  
  137  12:00  Lurker x2  
  137  12:01  Lurker x2  
  142  12:15  Hydralisk x4, Roach  
  137  12:16  Hydralisk, Roach  
  137  12:20  Roach  
  137  12:21  Overlord x2  
  147  12:23  Roach  
  142  12:31  Roach x2, Zergling x8  
  142  12:32  Zergling x4  
  132  12:40  Hydralisk x3  
  132  12:41  Overlord  
  121  12:44  Zerg Missile Weapons Level 1  
  121  12:50  Zergling x10  
  124  12:52  Zergling x2  
  127  13:00  Drone x2  
  129  13:08  Hydralisk x2  
  129  13:09  Hydralisk  
  129  13:10  Evolution Chamber, Lurker x2  
  129  13:11  Lurker  
  137  13:13  Zergling x10  
  137  13:15  Overseer x2  
  137  13:18  Spore Crawler x2, Extractor  
  137  13:19  Spine Crawler  
  135  13:20  Spine Crawler  
  135  13:21  Extractor  
  123  13:30  Hydralisk  
  123  13:31  Hydralisk  
  123  13:32  Roach x2  
  123  13:46  Hatchery  
  121  13:50  Roach x2, Zergling x4  
  127  13:56  Hatchery  
  126  14:06  Hatchery  
  125  14:18  Hydralisk  
  125  14:25  Lurker  
  125  14:27  Lurker x2  
Tags
 
Add a new tag
Caveats
  • Supply blocks, unpowered buildings, or Contaminate may cause inaccurate times.
  • Supply counts are checked every 10 seconds.